 Dungeon Crawl Stone Soup version 0.31.0-32-g396128a36d (webtiles) character file.

Game seed: 16699958914979700735

584035 demibob the Heavyweight Champion (level 26, -12/282 (284) HPs)
             Began as a Troll Chaos Knight on Apr 20, 2024.
             Was a Favourite Plaything of Xom.
             Mangled by an acid blob (28 damage)
             ... created by the Royal Jelly
             ... on level 5 of the Pits of Slime on Apr 23, 2024.
             The game lasted 02:08:29 (49406 turns).

demibob the Heavyweight Champion (TrCK)            Turns: 49406, Time: 02:08:30

HP:   -12/282 (284) AC: 13    Str: 37    XL:     26   Next: 2%
MP:   22/22         EV:  7    Int:  7    God:    Xom [..*...]
Gold: 4387          SH: 20    Dex: 14    Spells: 25/25 levels left

rFire   + +          .
                       - Unarmed
rCold   + + .        k - +1 tower shield {rF+}
rNeg    . . .        h - +9 gold dragon scales
rPois   +            A - +2 hat "Ereydgher" {Str+4}
rElec   +            D - +2 cloak {rPois}
rCorr   .            (gloves unavailable)
SInv    .            (boots unavailable)
Will    +....        l - amulet of the acrobat Stlth
                     S - ring of poison resistance
HPRegen 1.47/turn    w - ring of Affity {Fly rElec rC+ Slay+3}
MPRegen 0.18/turn

%: acrobat, clarity
@: about to teleport, corroded, flying, studying 5 skills, lightly drained
A: large, unfitting armour, claws 3, regeneration 1, shaggy fur 1, tough skin 1,
iridescent scales 1, clarity, strong 1
}: 3/15 runes: decaying, serpentine, silver
a: Renounce Religion


You were on level 5 of the Pits of Slime.
You worshipped Xom.
You were a toy of Xom.
You visited 10 branches of the dungeon, and saw 47 of its levels.
You visited the Abyss 2 times.
You also visited: Bailey, Gauntlet and Wizlab.

You collected 7671 gold pieces.
You spent 3284 gold pieces at shops.

Inventory:

Missiles
 n - a throwing net
 t - 93 large rocks (quivered)
 B - 24 curare-tipped darts
 C - 19 datura-tipped darts
 Q - 6 atropa-tipped darts
Armour
 h - +9 gold dragon scales (worn)
 k - a +1 tower shield of fire resistance (worn)
 A - the +2 hat "Ereydgher" (worn) {Str+4}
   (You acquired it on level 1 of the Depths)

   Str+4:     It affects your strength (+4).
 D - a +2 cloak of poison resistance (worn)
Jewellery
 a - an amulet of faith
 l - an amulet of the acrobat (around neck)
 v - a +6 ring of strength
 w - the ring of Affity (right claw) {Fly rElec rC+ Slay+3}
   (You acquired it on level 4 of the Lair of Beasts)

   [ring of flight]

   Slay+3:    It affects your accuracy & damage with ranged weapons and melee
   (+3).
   rC+:       It protects you from cold.
   rElec:     It insulates you from electricity.
   Fly:       It grants you flight.
 F - a ring of ice
 K - a +4 ring of protection
 L - a ring of resist corrosion
 S - a ring of poison resistance (left claw)
 U - a ring of willpower
Wands
 j - a wand of light (29)
 p - a wand of charming (63)
 s - a wand of mindburst (30)
 u - a wand of flame (140)
 y - a wand of iceblast (31)
 J - a wand of polymorph (13)
 N - a wand of digging (24)
Scrolls
 b - 5 scrolls of revelation
 g - 5 scrolls of amnesia
 z - 4 scrolls of vulnerability
 E - 5 scrolls of immolation
 I - 6 scrolls of enchant weapon
 M - 23 scrolls of identify
 O - 3 scrolls of torment
 R - 3 scrolls of teleportation
 V - a scroll of poison
 W - a scroll of fog
Potions
 c - 12 potions of lignification
 d - 7 potions of attraction
 e - 4 potions of ambrosia
 i - 8 potions of mutation
 m - 2 potions of magic
 o - 4 potions of curing
 r - 9 potions of enlightenment
 x - 2 potions of invisibility
 G - a potion of berserk rage
 H - 7 potions of brilliance
 X - a potion of might
Miscellaneous
 q - a lightning rod (1/4)
 T - a sack of spiders
 Z - a phantom mirror


   Skills:
 + Level 20.4 Fighting
 - Level 10.4 Throwing
 - Level 19.4 Armour
 - Level 5.3 Dodging
 - Level 1.4 Stealth
 - Level 15.0 Shields
 O Level 27 Unarmed Combat
 - Level 0.4 Evocations


You had 25 spell levels left.
You didn't know any spells.
Your spell library contained the following spells:

 Spells                   Type           Power      Damage    Failure   Level
 Apportation              Tloc           0%         N/A       99%         1
 Foxfire                  Conj/Fire      0%         2x1d4     99%         1
 Freeze                   Ice            0%         1d3       99%         1
 Kiss of Death            Conj/Necr      0%         2d5       99%         1
 Magic Dart               Conj           0%         1d3       99%         1
 Necrotise                Necr           0%         1d4       99%         1
 Sandblast                Erth           0%         2d4       99%         1
 Shock                    Conj/Air       0%         1d3       99%         1
 Sting                    Conj/Alch      0%         1d3       99%         1
 Summon Small Mammal      Summ           0%         N/A       99%         1
 Blink                    Tloc           0%         N/A       100%        2
 Call Imp                 Summ           0%         N/A       100%        2
 Cigotuvi's Dreadful Rot  Necr/Alch/Air  0%         N/A       100%        2
 Ensorcelled Hibernation  Hex/Ice        0%         N/A       100%        2
 Lesser Beckoning         Tloc           0%         N/A       100%        2
 Mercury Vapours          Alch/Air       0%         N/A       100%        2
 Momentum Strike          Conj/Tloc      0%         3d8       100%        2
 Searing Ray              Conj           0%         2d4       100%        2
 Sublimation of Blood     Necr           0%         N/A       100%        2
 Confusing Touch          Hex            0%         N/A       100%        3
 Dazzling Flash           Conj/Hex       0%         N/A       100%        3
 Frozen Ramparts          Ice            0%         1d1       100%        3
 Gell's Gravitas          Tloc           0%         N/A       100%        3
 Hailstorm                Conj/Ice       0%         3d5       100%        3
 Inner Flame              Hex/Fire       0%         N/A       100%        3
 Mephitic Cloud           Conj/Alch/Air  0%         N/A       100%        3
 Passwall                 Erth           0%         N/A       100%        3
 Stone Arrow              Conj/Erth      0%         3d7       100%        3
 Summon Ice Beast         Ice/Summ       0%         N/A       100%        3
 Swiftness                Air            0%         N/A       100%        3
 Teleport Other           Tloc           0%         N/A       100%        3
 Vampiric Draining        Necr           0%         2d6       100%        3
 Volatile Blastmotes      Fire/Tloc      0%         2d10      100%        3
 Airstrike                Air            0%         2d(0-16)  100%        4
 Anguish                  Hex/Necr       0%         N/A       100%        4
 Animate Armour           Summ/Erth      0%         N/A       100%        4
 Animate Dead             Necr           0%         N/A       100%        4
 Brom's Barrelling Bould  Conj/Erth      0%         2d3       100%        4
 Cause Fear               Hex            0%         N/A       100%        4
 Dimensional Bullseye     Hex/Tloc       0%         N/A       100%        4
 Dispel Undead            Necr           0%         3d6       100%        4
 Flame Wave               Conj/Fire      0%         2d4       100%        4
 Fulminant Prism          Conj/Alch      0%         3d5       100%        4
 Ignite Poison            Fire/Alch      0%         N/A       100%        4
 Iskenderun's Mystic Bla  Conj/Tloc      0%         2d3       100%        4
 Leda's Liquefaction      Alch/Erth      0%         N/A       100%        4
 Manifold Assault         Tloc           0%         N/A       100%        4
 Martyr's Knell           Necr/Summ      0%         N/A       100%        4
 Olgreb's Toxic Radiance  Alch           0%         N/A       100%        4
 Petrify                  Alch/Erth      0%         N/A       100%        4
 Sticky Flame             Fire/Alch      0%         2d4       100%        4
 Summon Blazeheart Golem  Fire/Summ      0%         N/A       100%        4
 Vhi's Electric Charge    Tloc/Air       0%         N/A       100%        4
 Arcjolt                  Conj/Air       0%         1d10      100%        5
 Borgnjor's Vile Clutch   Necr/Erth      0%         N/A       100%        5
 Fireball                 Conj/Fire      0%         3d3       100%        5
 Freezing Cloud           Conj/Ice/Air   0%         6-21      100%        5
 Irradiate                Conj/Alch      0%         3d11      100%        5
 Lee's Rapid Deconstruct  Erth           0%         3d4*      100%        5
 Summon Mana Viper        Hex/Summ       0%         N/A       100%        5
 Yara's Violent Unravell  Hex/Alch       0%         3d3       100%        5
 Bombard                  Conj/Erth      0%         9d1       100%        6
 Conjure Ball Lightning   Conj/Air       0%         3x3d6     100%        6
 Death Channel            Necr           0%         N/A       100%        6
 Dispersal                Tloc           0%         N/A       100%        6
 Plasma Beam              Fire/Air       0%         2x1d10    100%        6
 Sculpt Simulacrum        Ice/Alch       0%         N/A       100%        6
 Starburst                Conj/Fire      0%         6d3       100%        6
 Enfeeble                 Hex            0%         N/A       100%        7
 Malign Gateway           Summ/Tloc      0%         N/A       100%        7
 Monstrous Menagerie      Summ           0%         N/A       100%        7
 Ozocubu's Refrigeration  Ice            0%         4d7       100%        7
 Summon Hydra             Summ           0%         N/A       100%        7
 Discord                  Hex            0%         N/A       100%        8
 Disjunction              Tloc           0%         N/A       100%        8
 Ignition                 Fire           0%         3d3       100%        8
 Infestation              Necr           0%         N/A       100%        8
 Lehudib's Crystal Spear  Conj/Erth      0%         10d2      100%        8
 Chain Lightning          Conj/Air       0%         N/A       100%        9
 Dragon's Call            Summ           0%         N/A       100%        9
 Fire Storm               Conj/Fire      0%         5d1       100%        9
 Polar Vortex             Ice            0%         N/A       100%        9
 Shatter                  Erth           0%         3d5*      100%        9


Dungeon Overview and Level Annotations

Branches:
Dungeon (15/15)            Temple (0/1) D:6            Lair (5/5) D:8
  Swamp (4/4) Lair:3        Snake (4/4) Lair:2        Slime (5/5) Lair:4
    Orc (2/2) D:10            Elf (3/3) Orc:2        Vaults (5/5) D:14
  Crypt (3/3) Vaults:2       Tomb (0/3) Crypt:3      Depths (1/4) D:15
 Bailey (visited)          WizLab (visited)         Gauntlet (visited)

Altars:
Dithmenos
Elyvilon
Gozag
Kikubaaqudgha
Ru
Uskayaw
Wu Jian
Xom
Yredelemnul
Jiyva

Shops:
D:2 [   D:5 :[([!   D:8 (   Orc:2 ([(*   Elf:1 :   Elf:2 =   Elf:3 !
Snake:4 (   Depths:1 (*

Portals:
Hell: Depths:1
Abyss: Depths:1

Annotations:
D:5 3 runed translucent doors, Consumeair16's ghost, amateur GnSh
Lair:2 3 runed translucent doors
Snake:1 1 runed translucent door, Squishy's ghost, journeyman MiBe
Snake:4 Roxanne
Slime:5 Royal Jelly
Elf:2 3 runed translucent doors
Vaults:2 1 runed translucent door, hyperkahler's ghost, veteran MiFi


Innate Abilities, Weirdness & Mutations

You are too large for most types of armour.
You have claws for hands.
Your natural rate of healing is unusually fast.
You are covered in fur. (AC +1)
You have tough skin. (AC +1)
You are partially covered in iridescent scales. (AC +2)
You possess an exceptional clarity of mind.
Your muscles are strong. (Str +4, Int/Dex -1)


Message History

You block the splash of acid. The acid blob spits acid at you.
The splash of acid hits you!! The acid corrodes you!
The acid blob hits you but does no damage.
As you read the scroll of teleportation, it crumbles to dust.
You feel strangely unstable.
The acid blob hits you but does no damage.
The acid blob hits you!!
You are splashed with acid!
You block the acid blob's attack. The acid blob spits acid at you.
The splash of acid hits you!!
* * * LOW HITPOINT WARNING * * *
The acid blob spits acid at you. The splash of acid hits you!!
* * * LOW HITPOINT WARNING * * *
Your ufetubus hits the acid blob.
Your ufetubus is burned by acid!
Your ufetubus hits the acid blob.
Your ufetubus is burned by acid!
The acid blob attacks as it pursues you!
The acid blob barely misses you. The acid blob hits your ufetubus!!
Your ufetubus dies!
Your ufetubus disappears in a puff of smoke!
You feel much better. The acid blob hits you.
* * * LOW HITPOINT WARNING * * *
You are splashed with acid!
* * * LOW HITPOINT WARNING * * *
The acid blob spits acid at you. The splash of acid misses you.
The acid blob spits acid at you. The splash of acid hits you!!
* * * LOW HITPOINT WARNING * * *
Unknown command.
You feel much better. The acid blob hits you!!
* * * LOW HITPOINT WARNING * * *
The acid corrodes you!
You are splashed with acid!
* * * LOW HITPOINT WARNING * * *
You block the acid blob's attack. The acid blob hits you!!
You die...
Xom howls with laughter!

###....<.#####...#...#..
####.#..#######.###.###.
####.....#J5.#J..#...#..
#####.....J.5JJ....#....
####....G#55J#...#...#..
####.#..#######.###.###.
###....J.#####...#...#..
###..JJJJ#####.........,
###..#.@.#####...#...#.,
##..###############.#***
###..########## *,..*
####.########## *,,,*
###..########## *,,,*
###.###########****,****
###..#...#####.,,*,,,*,,
*,,,,,,,* *,,,,,,,,,,
***,,,,,* *,,,,,,,,,,


You could see 5 acid blobs and a great orb of eyes.

Vanquished Creatures
  A dread lich (Crypt:3)
  Mara (Swamp:4)
  Bai Suzhen (Swamp:4)
  Saint Roka (Orc:2)
  Vashnia (Snake:2)
  Margery (Vaults:5)
  A golden dragon (Vaults:5)
  Jory (Vaults:3)
  A bone dragon (Crypt:3)
  A shard shrike zombie (Crypt:2)
  3 tentacled monstrosities
  Zenata (Crypt:1)
  6 titans (Vaults:5)
  3 deep elf blademasters (Elf:3)
  Jorgrun (D:12)
  Asterion (Vaults:2)
  6 liches
  A quicksilver dragon (Vaults:5)
  5 deep elf master archers (Elf:3)
  A searing wretch (Vaults:5)
  3 ancient champions (Crypt:1)
  11 acid blobs
  3 tentacled starspawn (Abyss:2)
  An eldritch tentacle (Crypt:1)
  A thorn hunter (Swamp:4)
  8 shadow dragons
  Aizul (Vaults:2)
  3 storm dragons (Vaults:5)
  7 tengu reavers (Vaults:5)
  7 rockslimes
  Kirke (D:15)
  Donald (Orc:2)
  8 nagarajas (Snake:4)
  2 fire giants
  An iron dragon (Vaults:5)
  2 deep elf elementalists (Elf:3)
  A balrug (Abyss:2)
  16 vault wardens
  5 deep elf sorcerers
  4 frost giants
  2 curse skulls
  3 orc warlords (Vaults:3)
  3 ghouls (Crypt:1)
  9 stone giants
  25 ironbound preservers
  6 quicksilver oozes
  A caustic shrike skeleton (Abyss:2)
  10 very ugly things
  9 formless jellyfish
  5 ironbound thunderhulks
  3 deep elf demonologists
  6 deep elf death magi
  7 war gargoyles
  Nessos (D:14)
  11 dire elephants
  7 vampire knights
  5 eleionomae
  5 bunyips
  A minotaur (Gauntlet)
  8 deep elf annihilators
  The ghost of PaiMei the Artisan of Death, a journeyman DsNe of Kikubaaqudgha (Lair:2)
  An orange crystal statue (WizLab)
  Azrael (D:14)
  Snorg (D:14)
  3 eidola
  2 shambling mangroves
  A merfolk impaler (Depths:1)
  4 ettins
  13 jiangshi
  2 entropy weavers (Vaults:2)
  3 deep elf high priests
  5 fire dragons
  Josephine (Lair:3)
  3 crystal guardians (Crypt:3)
  33 vault guards
  13 yaktaur captains
  6 great orbs of eyes
  A peacekeeper (Vaults:2)
  3 rakshasas
  Erolcha (D:9)
  A sphinx zombie (Crypt:1)
  15 hydras
  13 alligators
  3 ghost crabs
  6 salamander tyrants
  14 ironbound frosthearts
  3 ogre magi
  An ice dragon (Depths:1)
  A catoblepas (D:13)
  3 spriggan skeletons
  5 boulder beetles
  5 anacondas
  23 centaur warriors
  A deep troll earth mage (Vaults:5)
  15 two-headed ogres
  23 dancing weapons
  3 tengu warriors
  An alligator snapping turtle (Lair:2)
  12 death yaks
  4 spriggan berserkers
  20 naga warriors
  18 naga sharpshooters
  4 shock serpents
  5 thrashing horrors (Abyss:2)
  3 orc high priests
  Nergalle (Lair:2)
  4 vampire magi
  Urug (Orc:1)
  13 deep elf knights
  4 sun demons (Abyss:2)
  7 hell knights
  3 wretched stars (Abyss:2)
  6 salamander mystics
  A soul eater (Crypt:2)
  A storm dragon zombie (Crypt:1)
  A sixfirhy (Gauntlet)
  3 skysharks
  40 skeletal warriors
  3 spriggan druids
  3 goliath frogs
  A shadow wraith (Crypt:2)
  An anaconda zombie (Crypt:2)
  44 deep trolls
  A bunyip skeleton (Crypt:1)
  A sea snake (Snake:2)
  9 mana vipers
  7 lindwurms
  A bog body (Swamp:4)
  4 glowing orange brains
  A golden dragon zombie (Crypt:3)
  2 flayed ghosts
  7 swamp dragons
  A spriggan simulacrum (Crypt:1)
  8 arcanists
  An iron giant skeleton (Abyss:2)
  6 naga ritualists
  11 ironbound convokers
  21 deep elf pyromancers
  3 starcursed masses (Abyss:2)
  16 deep elf archers
  A shadow dragon skeleton (Crypt:1)
  5 orc knights
  4 orc sorcerers
  An anaconda skeleton (Crypt:3)
  A steelbarb worm (shapeshifter) (Vaults:1)
  25 deep elf zephyrmancers
  12 necromancers
  An orb spider (shapeshifter) (Vaults:5)
  36 ugly things
  10 cyclopes
  A manticore (shapeshifter) (Vaults:5)
  4 oklob plants (Lair:4)
  16 phantasmal warriors
  A worldbinder (Abyss:2)
  A manticore (D:13)
  2 shining eyes
  Maurice (D:10)
  A stone giant zombie (Crypt:3)
  12 will-o-the-wisps
  3 meliai
  13 salamanders
  2 kobold blastminers (Orc:2)
  A water nymph (Vaults:5)
  A stone giant skeleton (Crypt:1)
  A centaur zombie (Crypt:3)
  3 guardian serpents
  A moth of wrath (Lair:1)
  11 vault sentinels
  A titan simulacrum (Crypt:1)
  An eye of devastation (Slime:3)
  40 black mambas
  12 elephants
  A dire elephant skeleton (Crypt:3)
  3 torpor snails
  An apocalypse crab (Abyss:2)
  6 large abominations (Abyss:2)
  A gargoyle (D:14)
  15 cane toads
  18 naga magi
  4 smoke demons (Abyss:2)
  An unseen horror (shapeshifter) (D:13)
  A centaur skeleton (Crypt:3)
  An unseen horror (D:13)
  An elephant slug zombie (Crypt:2)
  13 rime drakes
  6 komodo dragons
  A kobold demonologist (D:12)
  An alligator snapping turtle skeleton (Crypt:1)
  3 efreet
  4 tengu conjurers
  2 freezing wraiths (Vaults:5)
  Psyche (D:9)
  2 catoblepas skeletons (Crypt:1)
  4 harpy zombies (Crypt:3)
  55 yaktaurs
  A merfolk (Swamp:4)
  A troll (shapeshifter) (D:14)
  15 tyrant leeches
  3 ancient zymes (Abyss:2)
  A hellwing (Abyss:2)
  13 trolls
  A bloated husk (Swamp:1)
  5 polar bears
  A wind drake (shapeshifter) (Vaults:5)
  A harpy skeleton (Crypt:1)
  A fire dragon zombie (Crypt:3)
  2 glass eyes
  A raiju (shapeshifter) (Elf:1)
  16 blink frogs
  14 hornets
  A guardian serpent zombie (Crypt:2)
  8 raiju (Abyss:2)
  6 dream sheep (Lair:5)
  2 dream sheep (shapeshifter)
  A jumping spider zombie (Crypt:2)
  5 air elementals
  24 spriggans
  A shadow (D:12)
  7 wraiths
  48 slime creatures
  A naga simulacrum (Crypt:1)
  2 ettin skeletons
  A yak (shapeshifter) (Vaults:5)
  29 yaks
  6 wyverns
  6 fire elementals
  A warg (Snake:2)
  A fire bat (Gauntlet)
  6 water elementals
  6 basilisks
  A human (shapeshifter) (Vaults:3)
  4 hogs (D:15)
  A golden eye (Abyss:2)
  An alligator snapping turtle simulacrum (Crypt:1)
  A human (Orc:1)
  4 redbacks (Vaults:2)
  8 vampire mosquitoes
  2 steam dragons
  4 neqoxecs (Abyss:2)
  2 chaos spawn (Abyss:2)
  68 nagas
  An acid dragon (D:12)
  3 small abominations (Abyss:2)
  18 swamp worms
  A skyshark zombie (Crypt:1)
  21 water moccasins
  3 hell hounds (D:14)
  A hydra simulacrum (Lair:2)
  6 swamp drakes
  2 swamp worms (shapeshifter) (Vaults:5)
  5 ice beasts (D:8)
  6 black bears
  A naga skeleton (Crypt:3)
  An ice beast (shapeshifter) (D:8)
  18 orc warriors
  A sky beast (D:7)
  33 laughing skulls
  28 wolves
  4 boggarts (Lair:5)
  A snapping turtle skeleton (Crypt:2)
  11 centaurs
  21 ogres
  2 brain worms (Abyss:2)
  4 weeping skulls (Abyss:2)
  9 kobold brigands
  2 earth elementals
  2 necrophages (Crypt:3)
  A scorpion (D:7)
  12 bullfrogs
  A gnoll sergeant (D:7)
  5 wights
  5 killer bees (D:10)
  7 howler monkeys
  2 bombardier beetles
  A wyvern simulacrum (Lair:2)
  4 hounds
  2 quasits (Abyss:2)
  A jelly (shapeshifter) (D:13)
  7 orc priests
  5 jellies
  A water moccasin simulacrum (Lair:2)
  3 iron imps (Abyss:2)
  A basilisk skeleton (Crypt:2)
  Ijyb (D:3)
  6 iguanas
  9 orc wizards
  A howler monkey zombie (Crypt:2)
  6 gnolls
  5 adders
  2 shadow imps
  4 white imps
  8 ufetubi
  2 dart slugs
  A ribbon worm (D:2)
  54 orcs
  7 ball pythons
  4 endoplasms
  A giant cockroach (D:2)
  10 hobgoblins
  7 jackals (D:2)
  23 kobolds
  A quokka (D:5)
  2 bats
  A bombardier beetle zombie (Crypt:2)
  5 frilled lizards
  A giant cockroach zombie (Crypt:1)
  11 goblins
  A jackal skeleton (Crypt:1)
  2 starspawn tentacles (Abyss:2)
1930 creatures vanquished.

Vanquished Creatures (collateral kills)
  Frederick (Vaults:4)
  A deep elf annihilator (Elf:3)
  An eleionoma (Swamp:2)
  An ironbound frostheart (Vaults:2)
  A tengu warrior (D:14)
  A death yak (Lair:3)
  A dancing weapon (Elf:3)
  A deep elf knight (Elf:2)
  An arcanist (Vaults:3)
  A deep elf pyromancer (Elf:3)
  An orc knight (D:15)
  A deep elf zephyrmancer (Elf:2)
  An ironbound convoker (Vaults:1)
  A salamander (Snake:3)
  3 ugly things
  2 slime creatures
  A water elemental (D:14)
  A basilisk (Lair:1)
  3 golden eyes (Abyss:2)
  2 laughing skulls (D:14)
  A weeping skull (Abyss:2)
  An elephant simulacrum (Lair:2)
  An orc priest (D:15)
29 creatures vanquished.

Vanquished Creatures (others)
  A deep elf blademaster (Elf:3)
  An eldritch tentacle (D:15)
  A very ugly thing (Depths:1)
  A hydra (Swamp:4)
  2 dancing weapons
  A deep elf knight (Elf:1)
  A deep troll (Vaults:1)
  A salamander (Snake:3)
  2 bloated husks (Swamp:2)
  A glass eye (Depths:1)
  2 golden eyes (Abyss:2)
  An ice beast (D:8)
  3 swamp drakes (Swamp:4)
  2 wolves (D:8)
  A gnoll (D:4)
  A quokka (D:15)
  44 foxfires
  6 starspawn tentacles (Abyss:2)
72 creatures vanquished.

Grand Total: 2031 creatures vanquished

Notes
Turn   | Place    | Note
-------+----------+-------------------------------------------
     0 | D:1      | demibob the Troll Chaos Knight began the quest for the Orb.
     0 | D:1      | Reached XP level 1. HP: 22/22 MP: 0/0
   370 | D:1      | XOM: silly message
   495 | D:1      | Reached XP level 2. HP: 29/29 MP: 1/1
   566 | D:1      | XOM: silly message
   663 | D:2      | XOM: noise
   683 | D:2      | XOM: divination: detect items
   710 | D:2      | Found a sacrificial altar of Ru.
   722 | D:2      | Reached skill level 4 in Unarmed Combat
   741 | D:2      | Reached XP level 3. HP: 36/36 MP: 2/2
   867 | D:2      | XOM: silly message
   973 | D:2      | Reached XP level 4. HP: 44/44 MP: 3/3
   976 | D:2      | Found Cuowkeh's Antique Armour Shop.
  1054 | D:2      | Found a faded altar of an unknown god.
  1087 | D:2      | XOM: divination: detect creatures
  1176 | D:3      | Reached skill level 5 in Unarmed Combat
  1252 | D:3      | Noticed Ijyb
  1264 | D:3      | XOM: smoke on damage
  1265 | D:3      | Killed Ijyb
  1266 | D:3      | Reached XP level 5. HP: 42/50 MP: 4/4
  1383 | D:3      | XOM is BORED!
  1383 | D:3      | XOM: silly message
  1670 | D:4      | XOM: butterfly on damage
  1677 | D:4      | XOM: potion effect (attraction)
  1718 | D:3      | Reached skill level 1 in Stealth
  1721 | D:3      | Reached skill level 6 in Unarmed Combat
  1923 | D:4      | Reached XP level 6. HP: 53/59 MP: 5/5
  2186 | D:4      | Reached skill level 7 in Unarmed Combat
  2226 | D:4      | XOM: silly message
  2266 | D:4      | Reached XP level 7. HP: 54/66 MP: 6/6
  2435 | D:4      | XOM is BORED!
  2539 | D:5      | XOM: stealth player
  2539 | D:5      | Entered Level 5 of the Dungeon
  2564 | D:5      | Found Meuleits's Armour Shoppe.
  2574 | D:5      | XOM: divination: detect items
  2588 | D:5      | XOM: god gift: 24 gold pieces
  2609 | D:5      | Reached skill level 8 in Unarmed Combat
  2661 | D:5      | Found Feraj's Antique Armour Boutique.
  2662 | D:5      | Found a runed translucent gate.
  2756 | D:5      | Found a runed translucent gate.
  2756 | D:5      | Found an opulent altar of Gozag.
  2756 | D:5      | Found a runed translucent gate.
  2757 | D:5      | Noticed a two-headed ogre
  2758 | D:5      | Noticed Consumeair16's ghost (amateur GnSh)
  2759 | D:5      | XOM: fog
  2818 | D:5      | Found Ibrerik's Firing Range.
  2832 | D:5      | Bought 5 large rocks for 97 gold pieces
  2832 | D:5      | Bought 5 large rocks for 97 gold pieces
  2861 | D:5      | XOM: scenery: 1 doors close
  2865 | D:5      | XOM: butterfly on damage
  3045 | D:5      | Found Odie's Distillery.
  3115 | D:5      | Reached skill level 1 in Throwing
  3115 | D:5      | Reached skill level 9 in Unarmed Combat
  3147 | D:5      | XOM: cloud trail
  3233 | D:5      | Found Ixaemib's Book Emporium.
  3375 | D:6      | XOM: summons 4 friendly demons
  3427 | D:5      | Reached XP level 8. HP: 72/74 MP: 7/7
  3481 | D:6      | XOM: cleaving
  3545 | D:6      | XOM: scenery: summon butterflies
  3596 | D:6      | Found a staircase to the Ecumenical Temple.
  3603 | D:6      | XOM: scenery: summon butterflies
  3950 | D:6      | XOM: scenery: summon butterflies
  4048 | D:7      | XOM: give mutations
  4048 | D:7      | Gained mutation: You have a pair of small antennae on your
                  | head. [Xom's grace]
  4048 | D:7      | Gained mutation: You have large cloven feet. [Xom's grace]
  4048 | D:7      | Gained mutation: You have hidden genetic potential. [Xom's
                  | grace]
  4048 | D:7      | Gained mutation: You are partially covered in iridescent
                  | scales. (AC +2) [Xom's grace]
  4051 | D:7      | Reached skill level 10 in Unarmed Combat
  4053 | D:7      | Found a sacrificial altar of Ru.
  4061 | D:7      | Found a shimmering altar of Xom.
  4074 | D:7      | Identified the +0 pair of boots of the Armadillo {rElec rF-
                  | Str+5 Dex+2}
  4293 | D:7      | Found an ancient bone altar of Kikubaaqudgha.
  4413 | D:7      | Reached skill level 11 in Unarmed Combat
  4462 | D:7      | Reached XP level 9. HP: 47/80 MP: 8/8
  4884 | D:8      | Found a staircase to the Lair.
  4886 | D:8      | Noticed a polar bear
  4887 | D:8      | Noticed a rime drake
  4893 | D:8      | XOM: destruction
  4906 | D:8      | XOM: cleaving
  4908 | D:8      | Killed a polar bear
  4908 | D:8      | Gained mutation: You passively map a small area around you.
                  | [hidden potential]
  4913 | D:8      | Reached skill level 12 in Unarmed Combat
  4918 | D:8      | Killed a rime drake
  5283 | D:8      | Found Suunn's Weapon Boutique.
  5441 | D:8      | Found a flagged portal.
  5459 | Bailey   | Entered a bailey
  5490 | Bailey   | Reached skill level 13 in Unarmed Combat
  5504 | Bailey   | XOM: 1-stop teleportation journey
  5544 | Bailey   | XOM: polymorph kobold -> centaur
  5585 | Bailey   | Found the +5 Lochaber axe {reach-cleave, Poleaxe ^Drain}
  5601 | Bailey   | XOM: 1-stop teleportation journey
  5633 | Bailey   | Reached XP level 10. HP: 68/88 MP: 9/9
  5681 | Bailey   | Found a bloodstained altar of Trog.
  5859 | D:8      | XOM: polymorph steam dragon -> shapeshifter
  5992 | D:8      | Found a shadowy altar of Dithmenos.
  5992 | D:8      | Found an opulent altar of Gozag.
  6178 | D:5      | Bought quicksilver dragon scales for 840 gold pieces
  6279 | D:9      | Found an ornate altar of the Wu Jian Council.
  6287 | D:9      | XOM: give mutations
  6287 | D:9      | Gained mutation: You have very sharp teeth. [Xom's grace]
  6287 | D:9      | Gained mutation: You are agile. (Dex +4, Str/Int -1) [Xom's
                  | grace]
  6287 | D:9      | Gained mutation: You are robust. (+10% HP) [Xom's grace]
  6361 | D:9      | Noticed Erolcha
  6362 | D:9      | Noticed Psyche
  6370 | D:9      | XOM: cleaving
  6379 | D:9      | Killed Erolcha
  6380 | D:9      | Reached skill level 5 in Throwing
  6380 | D:9      | Reached skill level 1 in Armour
  6380 | D:9      | Killed Psyche
  6384 | D:9      | Gained mutation: Your spells are a little harder to cast,
                  | but a little more powerful. [hidden potential]
  6384 | D:9      | Lost mutation: You have hidden genetic potential. [hidden
                  | potential expressed]
  6667 | D:9      | Noticed Joseph
  6678 | D:9      | Joseph changed into Joseph the jelly
  6678 | D:9      | Noticed Joseph
  6678 | D:9      | XOM: polymorph Joseph -> Joseph the jelly
  6679 | D:9      | Killed Joseph the jelly
  6816 | D:9      | XOM: cloud trail
  7048 | D:10     | Entered Level 10 of the Dungeon
  7109 | Lair:1   | Entered Level 1 of the Lair of Beasts
  7114 | Lair:1   | Noticed a cane toad
  7115 | Lair:1   | Noticed an elephant
  7115 | Lair:1   | Noticed a cane toad
  7117 | Lair:1   | Noticed an elephant
  7118 | Lair:1   | Noticed an elephant
  7120 | Lair:1   | Noticed an elephant
  7120 | Lair:1   | Noticed an elephant
  7123 | Lair:1   | Noticed a cane toad
  7127 | Lair:1   | Killed a cane toad
  7127 | Lair:1   | Noticed a skyshark
  7138 | D:8      | Killed a cane toad
  7190 | D:8      | Killed an elephant
  7199 | Lair:1   | Killed an elephant
  7206 | Lair:1   | Killed an elephant
  7211 | Lair:1   | XOM: 1-stop teleportation journey
  7222 | Lair:1   | Noticed a black mamba
  7224 | Lair:1   | XOM: enchant monster (bad)
  7225 | Lair:1   | Noticed a cane toad
  7245 | Lair:1   | Killed a black mamba
  7246 | Lair:1   | Reached XP level 11. HP: 86/103 MP: 10/10
  7394 | Lair:1   | XOM: polymorph yak -> moth of wrath
  7398 | Lair:1   | Reached skill level 5 in Armour
  7433 | Lair:1   | XOM: polymorph yak -> iguana
  7482 | Lair:1   | Killed a skyshark
  7596 | Lair:1   | XOM: summons friendly ufetubus
  7678 | Lair:1   | XOM: polymorph ufetubus -> cerulean imp
  7681 | Lair:1   | XOM: god gift: 3 scrolls of enchant armour
  7698 | Lair:1   | XOM: summons 8 friendly demons
  7727 | Lair:1   | XOM: 2-stop teleportation journey
  7851 | Lair:1   | Noticed a five-headed hydra
  7865 | Lair:1   | Killed a nine-headed hydra
  8004 | Lair:1   | Reached XP level 12. HP: 113/114 MP: 11/11
  8022 | Lair:1   | Noticed a four-headed hydra
  8027 | Lair:1   | Killed an eight-headed hydra
  8028 | Lair:1   | Reached skill level 10 in Throwing
  8049 | Lair:1   | XOM: cloud trail
  8182 | Lair:1   | XOM is BORED!
  8182 | Lair:1   | XOM: noise
  8190 | Lair:2   | XOM: divination: detect creatures
  8204 | Lair:2   | Found a gate leading to a gauntlet.
  8226 | Gauntlet | Entered a Gauntlet
  8226 | Gauntlet | Found a transporter.
  8226 | Gauntlet | Found a transporter.
  8226 | Gauntlet | Found a runed translucent door.
  8226 | Gauntlet | Found a runed translucent door.
  8226 | Gauntlet | Found a runed translucent gate.
  8226 | Gauntlet | Found a runed translucent gate.
  8229 | Gauntlet | Found a runed translucent door.
  8232 | Gauntlet | Found a transporter.
  8248 | Gauntlet | Found a transporter.
  8262 | Gauntlet | Found a transporter.
  8262 | Gauntlet | Found a transporter.
  8262 | Gauntlet | Found a transporter.
  8265 | Gauntlet | Found a transporter.
  8265 | Gauntlet | Found a transporter.
  8277 | Gauntlet | Found a transporter.
  8293 | Gauntlet | Found a transporter.
  8303 | Gauntlet | Found a transporter.
  8304 | Gauntlet | Noticed a reaper
  8315 | Gauntlet | XOM: cloud trail
  8317 | Gauntlet | Found a transporter.
  8337 | Gauntlet | Found a transporter.
  8340 | Gauntlet | Found a runed translucent gate.
  8430 | Gauntlet | XOM: divination: magic mapping
  8431 | Gauntlet | XOM: noise
  8465 | Gauntlet | Noticed a minotaur
  8480 | Gauntlet | XOM: swap monsters
  8488 | Gauntlet | XOM: summons 1 hostile shadow creature
  8509 | Gauntlet | HP: 5/114 [minotaur/silver javelin (9)]
  8514 | Gauntlet | die here
  8514 | Gauntlet | Identified the +3 leather armour "Ruhojos" {*Corrode Dex+5}
  8516 | Gauntlet | Killed a minotaur
  8543 | Gauntlet | XOM: give mutations
  8543 | Gauntlet | Lost mutation: Your spells are a little harder to cast, but
                  | a little more powerful. [Xom's mischief]
  8543 | Gauntlet | Gained mutation: Your body sometimes deteriorates upon
                  | taking damage. [Xom's mischief]
  8543 | Gauntlet | Lost mutation: Your body sometimes deteriorates upon taking
                  | damage. [Xom's mischief]
  8631 | Gauntlet | Got the Omnibus of the Evil Eye
  8701 | Lair:2   | XOM: polymorph wolf -> black bear
  8702 | Lair:2   | XOM: cast spell 'Summon Small Mammal'
  8709 | Lair:2   | XOM: potion effect (invisibility)
  8763 | Lair:2   | XOM: confusion (+ monsters)
  8782 | Lair:2   | Found a staircase to the Snake Pit.
  8785 | Lair:2   | XOM: polymorph naga -> wyvern
  8789 | Lair:2   | XOM: enchant monster (bad)
  8902 | Lair:2   | Noticed Nergalle
  8902 | Lair:2   | Noticed a five-headed hydra
  8902 | Lair:2   | XOM: 3-stop teleportation journey
  9054 | Lair:2   | Killed Nergalle
  9055 | Lair:2   | Reached skill level 1 in Shields
  9237 | Lair:2   | XOM: smoke on damage
  9284 | Lair:2   | XOM: noise
  9286 | Lair:2   | a seven-headed hydra changed into an alligator snapping
                  | turtle
  9286 | Lair:2   | Noticed an alligator snapping turtle
  9286 | Lair:2   | XOM: polymorph seven-headed hydra -> alligator snapping
                  | turtle
  9292 | Lair:2   | Killed an alligator snapping turtle
  9293 | Lair:2   | Reached skill level 14 in Unarmed Combat
  9393 | Lair:2   | Noticed a death yak
  9393 | Lair:2   | Noticed a death yak
  9399 | Lair:2   | XOM: blink monster(s)
  9401 | Lair:2   | XOM: enchant monster (bad)
  9404 | Lair:2   | XOM: confuse monster(s)
  9408 | Lair:2   | Killed a death yak
  9418 | Lair:2   | Killed a death yak
  9457 | Lair:2   | Noticed PaiMei's ghost (journeyman DsNe)
  9465 | Lair:2   | Found a runed translucent gate.
  9465 | Lair:2   | Found a runed translucent gate.
  9467 | Lair:2   | Found a runed translucent gate.
  9504 | Lair:2   | XOM: silly message
  9595 | Lair:2   | XOM: scenery: 3 doors open
  9613 | Lair:2   | XOM: butterfly on damage
  9617 | Lair:2   | Killed PaiMei's ghost
  9624 | Lair:2   | HP: 1/114 [seven-headed hydra simulacrum (15)]
  9709 | Lair:1   | XOM: silly message
  9740 | Lair:2   | XOM: potion effect (invisibility)
  9784 | Lair:2   | Got the ring of Xom's Fair Game {Fire Str+2 Dex+2}
  9891 | Lair:3   | XOM: divination: detect creatures
  9892 | Lair:3   | Reached XP level 13. HP: 121/121 MP: 12/12
  9963 | Lair:3   | Found a staircase to the Swamp.
 10076 | Lair:3   | XOM: divination: detect creatures
 10119 | Lair:3   | Reached skill level 15 in Unarmed Combat
 10132 | Lair:3   | XOM: divination: detect creatures
 10141 | Lair:3   | XOM: potion effect (curing)
 10143 | Lair:3   | XOM: summons friendly quasit
 10208 | Lair:3   | XOM: god gift: ring mail {god gift}
 10242 | Lair:3   | Found the +6 Majin-Bo {spellvamp, MP+6 Int+6}
 10294 | Lair:3   | Reached skill level 5 in Shields
 10414 | Lair:3   | Noticed Josephine
 10420 | Lair:3   | XOM: silly message
 10422 | Lair:3   | Killed Josephine
 10472 | Lair:3   | XOM: cleaving
 10494 | Lair:3   | a death yak changed into a stone giant
 10494 | Lair:3   | Noticed a stone giant
 10494 | Lair:3   | XOM: polymorph death yak -> stone giant
 10513 | Lair:3   | XOM: give mutations
 10513 | Lair:3   | Gained mutation: Your spells are a little easier to cast,
                  | but a little less powerful. [Xom's mischief]
 10513 | Lair:3   | Gained mutation: Your system is resistant to poisons.
                  | (rPois) [Xom's mischief]
 10513 | Lair:3   | Lost mutation: You have very sharp teeth. [Xom's mischief]
 10661 | Lair:3   | XOM: enchant monster (good)
 10674 | Lair:3   | Killed a stone giant
 10880 | Lair:4   | Identified the orb of Lust {mayhem, Dex+6 Stlth-}
 10889 | Lair:4   | XOM: 7-stop teleportation journey
 10953 | Lair:4   | XOM: summons 2 friendly demons
 10995 | Lair:4   | Found a viscous altar of Jiyva.
 11085 | Lair:4   | XOM: summons 2 hostile demons
 11674 | Lair:4   | Identified a scroll of acquirement
 11674 | Lair:4   | Acquired the ring of Affity {Fly rElec rC+ Slay+3}
 11728 | Lair:5   | Entered Level 5 of the Lair of Beasts
 11778 | Lair:5   | XOM: enchant monster (bad)
 11781 | Lair:5   | XOM: stat loss: -1 Dex (16/17)
 11815 | Lair:5   | XOM: enchant monster (bad)
 11854 | Lair:5   | Reached XP level 14. HP: 129/129 MP: 13/13
 11856 | Lair:5   | XOM: 8-stop teleportation journey
 11872 | Lair:5   | XOM: god gift: 7 stones
 11877 | Lair:5   | XOM: divination: detect items
 11910 | Lair:5   | XOM: divination: magic mapping
 11930 | Lair:5   | XOM: scenery: create altars
 11951 | Lair:5   | XOM: cast spell 'Metabolic Englaciation'
 11964 | Lair:5   | XOM: potion effect (heal wounds)
 12158 | Lair:5   | Reached skill level 10 in Shields
 12192 | Lair:5   | XOM: scenery: summon butterflies
 12201 | Lair:5   | XOM: scenery: summon butterflies
 12216 | Lair:5   | Identified the +1 rapier of Turmoil {holy, Dex+5}
 12331 | Lair:5   | Reached skill level 16 in Unarmed Combat
 12387 | Lair:5   | XOM: god gift: wand of iceblast (5)
 12449 | Lair:5   | XOM: fog
 12458 | Lair:5   | XOM: potion effect (curing)
 12466 | Lair:5   | XOM: potion effect (haste)
 12472 | Lair:5   | XOM: silly message
 12525 | Lair:5   | XOM: summons 8 hostile demons
 12694 | Lair:5   | XOM: summons 1 hostile demon
 13260 | D:10     | Found a staircase to the Orcish Mines.
 13612 | D:10     | XOM: cast spell 'Cause Fear'
 13638 | D:10     | XOM: noise
 13645 | D:10     | Noticed Maurice
 13647 | D:10     | Maurice stole 679 gold
 13666 | D:10     | Killed Maurice
 13793 | D:10     | XOM: cloud trail
 13817 | Orc:1    | Entered Level 1 of the Orcish Mines
 13886 | Orc:1    | XOM: polymorph orc knight -> human
 13917 | Orc:1    | Noticed Urug
 13923 | Orc:1    | Killed Urug
 14177 | Orc:2    | Entered Level 2 of the Orcish Mines
 14177 | Orc:2    | Noticed Saint Roka
 14181 | Orc:2    | XOM: cleaving
 14296 | Orc:2    | XOM: scenery: create altars
 14299 | Orc:2    | XOM: polymorph troll -> frilled lizard
 14327 | Orc:2    | Found Haalolukle's Assorted Antiques.
 14332 | Orc:2    | Found Tiacw's Weapon Emporium.
 14339 | Orc:2    | XOM: potion effect (might)
 14360 | Orc:2    | Reached skill level 17 in Unarmed Combat
 14366 | Orc:2    | XOM: fog
 14369 | Orc:2    | XOM: potion effect (brilliance)
 14376 | Orc:2    | XOM: potion effect (attraction)
 14680 | D:11     | XOM: summons 8 hostile demons
 14813 | D:11     | XOM: scenery: create altars
 14822 | D:11     | XOM: summons 8 hostile demons
 14893 | D:11     | Found a sacrificial altar of Ru.
 14959 | D:11     | XOM is BORED!
 14959 | D:11     | XOM: draining
 15276 | D:12     | Noticed Jorgrun
 15295 | D:12     | Killed Jorgrun
 15299 | D:12     | Reached skill level 18 in Unarmed Combat
 15390 | D:12     | XOM: confuse monster(s)
 15396 | D:12     | XOM: confuse monster(s)
 15406 | D:12     | XOM: cast spell 'Summon Ice Beast'
 15416 | D:12     | Reached XP level 15. HP: 87/134 MP: 14/14
 15490 | D:12     | XOM: silly message
 15795 | D:13     | XOM: smoke on damage
 15861 | D:12     | XOM: give mutation
 15861 | D:12     | Gained mutation: Your mind is acute. (Int +4, Str/Dex -1)
                  | [Xom's grace]
 15915 | D:11     | XOM: give mutations
 15915 | D:11     | Gained mutation: You are resistant to electric shocks.
                  | (rElec) [Xom's grace]
 15915 | D:11     | Gained mutation: You have hoof-like feet. [Xom's grace]
 15915 | D:11     | Lost mutation: Your spells are a little easier to cast, but
                  | a little less powerful. [Xom's grace]
 15980 | Orc:1    | XOM: divination: detect creatures
 16092 | Orc:2    | XOM: silly message
 16179 | Orc:2    | XOM: potion effect (curing)
 16185 | Orc:2    | Killed Saint Roka
 16186 | Orc:2    | Reached skill level 5 in Fighting
 16300 | Orc:2    | XOM: potion effect (invisibility)
 16324 | Orc:2    | XOM: silly message
 16347 | Orc:2    | Found Vitzit's Armour Shop.
 16372 | Orc:2    | Found Symeez Kuky's Weapon Shoppe.
 16479 | Orc:2    | Found a staircase to the Elven Halls.
 16579 | Orc:2    | XOM: potion effect (brilliance)
 16668 | Orc:2    | Noticed Donald
 16686 | Orc:2    | XOM: silly message
 16687 | Orc:2    | Killed Donald
 16882 | Orc:2    | XOM: noise
 16941 | Orc:2    | Bought +1 gold dragon scales for 1218 gold pieces
 17075 | D:13     | Reached skill level 10 in Armour
 17155 | D:13     | Found a hide-covered altar of Uskayaw.
 17291 | D:13     | XOM: silly message
 17313 | D:13     | XOM: smoke on damage
 17759 | D:14     | XOM: 3-stop teleportation journey
 17770 | D:14     | Noticed Azrael
 17783 | D:14     | XOM: potion effect (berserk rage)
 17795 | D:14     | XOM: cast spell 'Iskenderun's Battlesphere'
 17807 | D:14     | Killed Azrael
 17822 | D:14     | Noticed Nessos
 17838 | D:14     | XOM: fake destruction
 17843 | D:14     | Killed Nessos
 17851 | D:14     | XOM: chaos upgrade
 17853 | D:14     | XOM: 1-stop teleportation journey
 17889 | D:14     | XOM: blink monster(s)
 17977 | D:14     | XOM: give mutation
 17977 | D:14     | Lost mutation: You are resistant to electric shocks.
                  | (rElec) [Xom's mischief]
 18044 | D:14     | XOM: divination: magic mapping
 18046 | D:14     | XOM: enchant monster (good)
 18187 | D:14     | Noticed Snorg
 18196 | D:14     | Killed Snorg
 18322 | D:14     | Found a gate to the Vaults.
 18327 | D:14     | Reached XP level 16. HP: 143/165 MP: 15/15
 18389 | D:14     | Identified the +4 sling "Tituna" {freeze, rElec rCorr Str-2
                  | Stlth+}
 18519 | D:15     | Entered Level 15 of the Dungeon
 18689 | D:15     | Noticed Kirke
 18807 | D:15     | XOM: 1-stop teleportation journey
 18900 | D:15     | XOM: divination: magic mapping
 18930 | D:15     | Found a white marble altar of Elyvilon.
 18939 | D:15     | XOM: cast spell 'Malign Gateway'
 19170 | D:15     | Found a staircase to the Depths.
 19254 | D:15     | XOM: silly message
 19267 | D:15     | XOM: 10-stop teleportation journey
 19268 | D:15     | XOM: confusion
 19272 | D:15     | XOM: polymorph lindwurm -> quicksilver ooze
 19274 | D:15     | XOM: polymorph quicksilver ooze -> golden eye
 19350 | D:15     | Killed Kirke
 19825 | D:10     | XOM: summons 7 hostile demons
 19928 | Orc:1    | XOM: give mutations
 19928 | Orc:1    | Lost mutation: You passively map a small area around you.
                  | [Xom's mischief]
 19928 | Orc:1    | Lost mutation: You have a pair of small antennae on your
                  | head. [Xom's mischief]
 19928 | Orc:1    | Lost mutation: You are agile. (Dex +4, Str/Int -1) [Xom's
                  | mischief]
 20204 | Snake:1  | Entered Level 1 of the Snake Pit
 20230 | Snake:1  | XOM: noise
 20292 | Snake:1  | XOM: 1-stop teleportation journey
 20443 | Snake:1  | XOM: noise
 20640 | Snake:1  | XOM: 2-stop teleportation journey
 20746 | Snake:1  | Found a runed translucent door.
 20746 | Snake:1  | Noticed Squishy's ghost (journeyman MiBe)
 20770 | Snake:1  | XOM: silly message
 20782 | Snake:1  | XOM: noise
 20948 | Snake:1  | XOM: confuse monster(s)
 21587 | Snake:1  | XOM is BORED!
 21606 | Snake:2  | XOM: noise
 21632 | Snake:2  | XOM: polymorph guardian serpent -> warg
 21866 | Snake:2  | XOM: 7-stop teleportation journey
 21884 | Snake:2  | XOM: cast spell 'Iskenderun's Battlesphere'
 21934 | Snake:2  | XOM: 1-stop teleportation journey
 22162 | Snake:2  | XOM: fake destruction
 22170 | Snake:2  | XOM: give mutation
 22170 | Snake:2  | Gained mutation: You are covered in thick fur. (AC +2)
                  | [Xom's grace]
 22500 | Snake:2  | Noticed Vashnia
 22532 | Snake:2  | XOM: fake destruction
 22864 | D:5      | Bought a potion of might for 52 gold pieces
 22864 | D:5      | Bought a potion of haste for 130 gold pieces
 22864 | D:5      | Bought a potion of cancellation for 104 gold pieces
 22864 | D:5      | Bought a potion of cancellation for 104 gold pieces
 22864 | D:5      | Bought a potion of invisibility for 104 gold pieces
 22864 | D:5      | Bought a potion of mutation for 104 gold pieces
 22864 | D:5      | Bought a potion of mutation for 104 gold pieces
 23357 | Snake:2  | XOM: cleaving
 23359 | Snake:2  | XOM: destruction
 23381 | Snake:2  | Killed Vashnia
 23382 | Snake:2  | Reached XP level 17. HP: 77/175 MP: 16/16
 23606 | Snake:3  | Reached skill level 15 in Armour
 23776 | Snake:3  | XOM: confuse monster(s)
 23903 | Snake:3  | XOM: scenery: create altars
 23961 | Snake:3  | XOM: confuse monster(s)
 23988 | Snake:3  | XOM: summons 5 friendly demons
 24009 | Snake:3  | XOM: polymorph shadow imp -> white imp
 24011 | Snake:3  | XOM: destruction
 24056 | Snake:3  | XOM: stat loss: -1 Int (11/12)
 24088 | Snake:3  | XOM: 2-stop teleportation journey
 24415 | Snake:3  | XOM: summons friendly iron imp
 24425 | Snake:3  | XOM: confuse monster(s)
 24679 | Snake:3  | XOM: god gift: dagger {god gift}
 24686 | Snake:3  | XOM: stat loss: -1 Int (11/12)
 24698 | Snake:3  | XOM: cloud trail
 25064 | Snake:1  | XOM: give mutations
 25064 | Snake:1  | Gained mutation: You have a pair of small horns on your
                  | head. [Xom's grace]
 25064 | Snake:1  | Gained mutation: Your flesh is heat resistant. (rF+) [Xom's
                  | grace]
 25072 | Lair:2   | XOM: cloud trail
 25199 | D:10     | XOM: god gift: potion of heal wounds
 25257 | Elf:1    | Entered Level 1 of the Elven Halls
 25403 | Elf:1    | XOM: chaos upgrade
 25410 | Elf:1    | XOM: chaos upgrade
 25411 | Elf:1    | XOM: repel stairs
 25458 | Elf:1    | XOM: enchant monster (bad)
 25685 | Elf:1    | XOM: blink monster(s)
 25868 | Elf:1    | Got the Handbook of Striking
 26011 | Elf:1    | Found Jualoky's Book Shoppe.
 26022 | Elf:1    | XOM: noise
 26048 | Elf:1    | XOM: cleaving
 26177 | Elf:1    | XOM: summons 4 hostile shadow creatures
 26317 | Elf:1    | XOM: stat loss: -1 Str (28/29)
 26330 | Elf:1    | XOM: give mutations
 26330 | Elf:1    | Lost mutation: You are partially covered in iridescent
                  | scales. (AC +2) [Xom's mischief]
 26330 | Elf:1    | Gained mutation: Your spells are a little easier to cast,
                  | but a little less powerful. [Xom's mischief]
 26442 | Elf:2    | XOM: silly message
 26512 | Elf:2    | XOM: smoke on damage
 26533 | Elf:2    | XOM: noise
 26627 | Elf:2    | XOM: blink monster(s)
 26646 | Elf:2    | XOM: give mutations
 26646 | Elf:2    | Lost mutation: Your mind is acute. (Int +4, Str/Dex -1)
                  | [Xom's mischief]
 26646 | Elf:2    | Lost mutation: Your spells are a little easier to cast, but
                  | a little less powerful. [Xom's mischief]
 26660 | Elf:2    | XOM: give mutation
 26660 | Elf:2    | Gained mutation: Your body sometimes deteriorates upon
                  | taking damage. [Xom's mischief]
 26662 | Elf:2    | XOM: god gift: staff of alchemy
 26708 | Elf:2    | Identified the ring of Umpaa {Fly rF++ Will- Str-3 SInv}
 26752 | Abyss:2  | Cast into level 2 of the Abyss (a deep elf sorcerer)
 26759 | Abyss:2  | Found a corrupted altar of Lugonu.
 26803 | Abyss:2  | Found a corrupted altar of Lugonu.
 26831 | Abyss:2  | Found a corrupted altar of Lugonu.
 26846 | Abyss:2  | Reached XP level 18. HP: 189/189 MP: 17/17
 26860 | Abyss:2  | XOM: god gift: javelin
 27088 | Abyss:2  | XOM: divination: magic mapping
 27124 | Abyss:2  | XOM: summons 6 friendly demons
 27126 | Abyss:2  | XOM: summons 9 friendly demons
 27177 | Abyss:2  | XOM: cleaving
 27322 | Abyss:2  | Gained mutation: Your magical capacity is low. (-10% MP) [a
                  | neqoxec]
 27340 | Abyss:2  | Found a corrupted altar of Lugonu.
 27343 | Elf:2    | Escaped the Abyss
 27344 | Elf:2    | XOM: summons 10 friendly demons
 27353 | Elf:2    | Found Vupt's Jewellery Boutique.
 27397 | Elf:2    | XOM: scenery: summon butterflies
 27538 | Elf:2    | Found a runed translucent gate.
 27539 | Elf:2    | Found a runed translucent gate.
 27539 | Elf:2    | Found a runed translucent gate.
 27659 | Elf:2    | XOM: cast spell 'Discord'
 27860 | Elf:3    | Entered Level 3 of the Elven Halls
 27926 | Elf:3    | Identified the +6 battleaxe "Cydwam" {vamp, Str+2 Int+2
                  | Dex-5}
 27956 | Elf:3    | Paralysed by an air elemental for 1 turns
 27976 | Elf:3    | Paralysed by an air elemental for 1 turns
 28018 | Elf:3    | Paralysed by an air elemental for 1 turns
 28102 | Elf:3    | XOM: 5-stop teleportation journey
 28139 | Elf:3    | Found Teshaod's Distillery.
 28142 | Elf:3    | Bought a potion of curing for 45 gold pieces
 28142 | Elf:3    | Bought a potion of haste for 150 gold pieces
 28142 | Elf:3    | Bought a potion of heal wounds for 75 gold pieces
 28142 | Elf:3    | Bought a potion of might for 60 gold pieces
 28161 | Elf:3    | XOM: summons 16 friendly demons
 28514 | Elf:3    | XOM: cast spell 'Olgreb's Toxic Radiance'
 28519 | Elf:3    | XOM: enchant monster (good)
 28550 | Elf:3    | Paralysed by an air elemental for 1 turns
 28908 | Elf:3    | XOM: cast spell 'Olgreb's Toxic Radiance'
 28912 | Elf:3    | XOM: scenery: summon butterflies
 28927 | Elf:3    | XOM: swap monsters
 28945 | Elf:3    | XOM: give mutations
 28945 | Elf:3    | Gained mutation: You are agile. (Dex +4, Str/Int -1) [Xom's
                  | grace]
 28945 | Elf:3    | Gained mutation: You are very robust. (+20% HP) [Xom's
                  | grace]
 28945 | Elf:3    | Gained mutation: You are strong-willed. (Will+) [Xom's
                  | grace]
 28945 | Elf:3    | Gained mutation: You passively map a small area around you.
                  | [Xom's grace]
 29123 | Elf:3    | XOM: polymorph deep elf demonologist -> cyclops
 29180 | Elf:3    | Reached skill level 5 in Dodging
 29182 | Elf:3    | XOM: cast spell 'Summon Ice Beast'
 29193 | Elf:3    | XOM: summons 6 friendly demons
 29231 | Elf:3    | XOM: summons 10 hostile demons
 29280 | Elf:3    | XOM: god gift: +1 hat of willpower
 29289 | Elf:3    | Identified the +3 hand axe "Voudd" {spect, Int+5}
 29289 | Elf:3    | Identified the amulet "Xauppej" {Spirit MP+9 Int+3}
 29301 | Elf:3    | XOM: fog
 29314 | Elf:3    | XOM: destruction
 29318 | Elf:3    | XOM: scenery: summon butterflies
 29329 | Elf:3    | XOM: god gift: 2 stones
 29341 | Elf:3    | XOM: summons friendly quasit
 29560 | Elf:3    | Got Noicha's Codex of Luminous Chrysopoeia
 29567 | Elf:3    | Got Kuwoed's Octavo of Vapourous Debased Liturgies
 29611 | Elf:3    | Got the Directory of Command and Geology
 29616 | Elf:3    | Got the Almanac of Generative Decomposition
 29617 | Elf:3    | Identified the +1 rapier "Ypreta" {freeze, Fly rN+ Dex+4}
 29763 | Orc:2    | XOM: scenery: create altars
 29810 | D:9      | XOM: god gift: 16 gold pieces
 30025 | Snake:4  | Entered Level 4 of the Snake Pit
 30033 | Snake:4  | XOM: summons 2 friendly demons
 30093 | Snake:4  | Found a shadowy altar of Dithmenos.
 30243 | Snake:4  | XOM: enchant monster (good)
 30275 | Snake:4  | XOM: cast spell 'Monstrous Menagerie'
 30400 | Snake:4  | Found Nama's Antique Weapon Shoppe.
 30405 | Snake:4  | Noticed Roxanne
 30434 | Snake:4  | Reached XP level 19. HP: 207/214 MP: 16/16
 30524 | Snake:4  | XOM: cast spell 'Leda's Liquefaction'
 30735 | Snake:4  | XOM: scenery: create altars
 30820 | Snake:4  | XOM: scenery: summon butterflies
 31146 | Snake:4  | XOM: summons friendly white imp
 31160 | Snake:4  | XOM: god gift: ring of wizardry
 31256 | Snake:4  | XOM: fog
 31257 | Snake:4  | XOM: enchant monster (bad)
 31272 | Snake:4  | XOM: blink monster(s)
 31316 | Snake:4  | XOM: enchant monster (bad)
 31318 | Snake:4  | Reached skill level 19 in Unarmed Combat
 31394 | Snake:4  | XOM: chaos upgrade
 31396 | Snake:4  | XOM: confuse monster(s)
 31420 | Snake:4  | XOM: confusion (+ monsters)
 31552 | Snake:4  | Got a serpentine rune of Zot
 31931 | Vaults:1 | Entered Level 1 of the Vaults
 31936 | Vaults:1 | XOM: destruction
 32015 | Vaults:1 | XOM: fog
 32026 | Vaults:1 | XOM: 2-stop teleportation journey
 32037 | Vaults:1 | XOM: potion effect (haste)
 32038 | Vaults:1 | XOM: divination: detect items
 32252 | Vaults:1 | Found the +0 pair of fencer's gloves {Riposte Dex+3}
 32428 | Vaults:1 | XOM: scenery: create altars
 32526 | Vaults:1 | XOM: noise
 32531 | Vaults:1 | XOM: summons friendly white imp
 32534 | Vaults:1 | XOM: summons friendly ufetubus
 32541 | Vaults:1 | XOM: confuse monster(s)
 32547 | Vaults:1 | Reached skill level 20 in Unarmed Combat
 32808 | Vaults:1 | XOM: fake destruction
 32821 | Vaults:1 | XOM: polymorph slime creature -> meliai
 32824 | Vaults:1 | XOM: confuse monster(s)
 32984 | Vaults:1 | XOM: scenery: 1 doors close
 33098 | Vaults:1 | XOM: scenery: 4 doors open, 2 doors close
 33246 | Vaults:1 | XOM: scenery: 3 doors close
 33320 | Vaults:2 | XOM: potion effect (berserk rage)
 33331 | Vaults:2 | XOM: summons 13 friendly demons
 33470 | Vaults:2 | XOM: god gift: scroll of immolation
 33530 | Vaults:2 | Found a runed translucent door.
 33538 | Vaults:2 | Reached XP level 20. HP: 225/225 MP: 17/17
 33582 | Vaults:2 | Identified the serpent talisman "Ufumuw" {*Slow Will+++
                  | MP+9 Int-4}
 33582 | Vaults:2 | Noticed Aizul
 33594 | Vaults:2 | Killed Aizul
 33703 | Vaults:2 | XOM: divination: magic mapping
 33739 | Vaults:2 | Found a shimmering altar of Xom.
 33742 | Vaults:2 | Noticed hyperkahler's ghost (veteran MiFi)
 33784 | Vaults:2 | XOM: cast spell 'Leda's Liquefaction'
 33793 | Vaults:2 | XOM: enchant monster (good)
 33835 | Vaults:2 | Noticed Asterion
 33849 | Vaults:2 | XOM: divine lightning
 33854 | Vaults:2 | XOM: cast spell 'Summon Hydra'
 33859 | Vaults:2 | Killed Asterion
 33944 | Vaults:2 | XOM: stat loss: -1 Int (6/7)
 34018 | Vaults:2 | Reached skill level 21 in Unarmed Combat
 34020 | Vaults:2 | XOM: confuse monster(s)
 34049 | Vaults:2 | XOM: summons friendly quasit
 34051 | Vaults:2 | XOM: potion effect (brilliance)
 34169 | Vaults:2 | XOM: 1-stop teleportation journey
 34204 | Vaults:2 | XOM: cast spell 'Iskenderun's Battlesphere'
 34416 | Vaults:2 | Found a staircase to the Crypt.
 34416 | Vaults:2 | Found an ancient bone altar of Kikubaaqudgha.
 34417 | Vaults:2 | Found a basalt altar of Yredelemnul.
 34564 | Vaults:2 | XOM: confuse monster(s)
 34718 | Vaults:3 | XOM: silly message
 34746 | Vaults:3 | XOM: silly message
 34762 | Vaults:3 | XOM: potion effect (haste)
 34764 | Vaults:3 | XOM: silly message
 34774 | Vaults:3 | XOM: 2-stop teleportation journey
 34779 | Vaults:3 | XOM: silly message
 34783 | Vaults:3 | XOM: enchant monster (good)
 34784 | Vaults:3 | Noticed Jory
 34807 | Vaults:3 | Killed Jory
 34977 | Vaults:3 | XOM: summons 2 friendly demons
 34979 | Vaults:3 | XOM: confuse monster(s)
 35038 | Vaults:3 | XOM: divination: detect items
 35141 | Vaults:3 | XOM: 2-stop teleportation journey
 35151 | Vaults:3 | XOM: noise
 35155 | Vaults:3 | XOM: give mutations
 35155 | Vaults:3 | Gained mutation: You have very sharp teeth. [Xom's grace]
 35155 | Vaults:3 | Lost mutation: You have hoof-like feet. [Xom's grace]
 35155 | Vaults:3 | Lost mutation: You have large cloven feet. [Xom's grace]
 35155 | Vaults:3 | Gained mutation: You have sharp toenails. [Xom's grace]
 35155 | Vaults:3 | Gained mutation: Your flesh is very heat resistant. (rF++)
                  | [Xom's grace]
 35185 | Vaults:3 | Paralysed by a formless jellyfish for 1 turns
 35520 | Vaults:3 | XOM: enchant monster (good)
 35526 | Vaults:3 | Reached skill level 22 in Unarmed Combat
 35679 | Vaults:3 | XOM: enchant monster (bad)
 35949 | Vaults:3 | Reached XP level 21. HP: 173/231 MP: 11/17
 36588 | Vaults:4 | XOM: potion effect (attraction)
 36666 | Vaults:4 | XOM: cloud trail
 36667 | Vaults:4 | XOM: silly message
 36851 | Vaults:4 | XOM: 3-stop teleportation journey
 36929 | Vaults:4 | XOM: stat loss: -1 Int (6/7)
 36985 | Vaults:4 | XOM: 5-stop teleportation journey
 37032 | Vaults:4 | Identified the orb of Oklem {light, rC++ Tloc}
 37032 | Vaults:4 | Noticed Frederick
 37039 | Vaults:4 | Killed Frederick
 37591 | Lair:3   | XOM: silly message
 37637 | Swamp:1  | Entered Level 1 of the Swamp
 37690 | Swamp:1  | Reached skill level 23 in Unarmed Combat
 37759 | Swamp:1  | XOM: give mutations
 37759 | Swamp:1  | Lost mutation: Your body sometimes deteriorates upon taking
                  | damage. [Xom's mischief]
 37759 | Swamp:1  | Lost mutation: You passively map a small area around you.
                  | [Xom's mischief]
 37759 | Swamp:1  | Gained mutation: Your mind is acute. (Int +4, Str/Dex -1)
                  | [Xom's mischief]
 38373 | Swamp:2  | XOM: enchant monster (good)
 38529 | Swamp:2  | Reached skill level 15 in Shields
 38554 | Swamp:2  | XOM: give mutation
 38554 | Swamp:2  | Lost mutation: You have a pair of small horns on your head.
                  | [Xom's mischief]
 38596 | Swamp:2  | XOM: polymorph swamp worm -> swamp worm
 38619 | Swamp:2  | XOM: god gift: 5 stones
 38894 | Swamp:3  | XOM is BORED!
 38894 | Swamp:3  | XOM: 1-stop teleportation journey
 39228 | Swamp:3  | Acquired a manual of Fighting
 39230 | Swamp:3  | XOM: torment (119/235 hp)
 39291 | Swamp:3  | XOM: give mutation
 39291 | Swamp:3  | Lost mutation: Your flesh is very heat resistant. (rF++)
                  | [Xom's mischief]
 39513 | Swamp:4  | Entered Level 4 of the Swamp
 39595 | Swamp:4  | XOM: polymorph swamp dragon -> merfolk
 39596 | Swamp:4  | Reached skill level 24 in Unarmed Combat
 39813 | Swamp:4  | XOM: 1-stop teleportation journey
 39850 | Swamp:4  | XOM: confusion
 39891 | Swamp:4  | Noticed Bai Suzhen
 39910 | Swamp:4  | Killed Bai Suzhen
 39911 | Swamp:4  | XOM: swap monsters
 40033 | Swamp:4  | XOM: potion effect (invisibility)
 40107 | Swamp:4  | Got a decaying rune of Zot
 40178 | Swamp:4  | Noticed Mara
 40179 | Swamp:4  | XOM: summons 3 friendly demons
 40181 | Swamp:4  | Noticed demibob's illusion
 40185 | Swamp:4  | XOM: stat loss: -1 Dex (17/18)
 40195 | Swamp:4  | XOM: cast spell 'Fugue of the Fallen'
 40200 | Swamp:4  | Killed Mara
 40323 | Swamp:4  | XOM: polymorph swamp dragon -> polar bear
 40870 | Depths:1 | Entered Level 1 of the Depths
 40888 | Depths:1 | Acquired the +2 hat "Ereydgher" {Str+4}
 40899 | Depths:1 | XOM: 1-stop teleportation journey
 40911 | Depths:1 | XOM: 2-stop teleportation journey
 40928 | Depths:1 | XOM: enchant monster (bad)
 40933 | Depths:1 | Reached XP level 22. HP: 223/247 MP: 18/18
 40953 | Depths:1 | Found a magical portal.
 40958 | WizLab   | Entered Wucad Mu's Monastery
 41036 | WizLab   | XOM: give mutations
 41036 | WizLab   | Lost mutation: Your system is resistant to poisons. (rPois)
                  | [Xom's mischief]
 41036 | WizLab   | Lost mutation: You are covered in thick fur. (AC +2) [Xom's
                  | mischief]
 41074 | WizLab   | Found the crystal ball of Wucad Mu {*channel}
 41119 | WizLab   | Reached skill level 10 in Fighting
 41119 | WizLab   | Reached skill level 25 in Unarmed Combat
 41119 | WizLab   | Reached XP level 23. HP: 260/260 MP: 19/19
 41253 | Depths:1 | Found Rytwi's Gadget Gallery.
 41298 | Depths:1 | XOM: swap monsters
 41363 | Depths:1 | XOM: blink monster(s)
 41367 | Depths:1 | XOM: noise
 41519 | Depths:1 | Found Fettugh's Weapon Shop.
 41549 | Depths:1 | XOM: give mutation
 41549 | Depths:1 | Lost mutation: You are strong-willed. (Will+) [Xom's
                  | mischief]
 41574 | Depths:1 | XOM: destruction
 41799 | Depths:1 | Found a gateway to Hell.
 41816 | Depths:1 | Found a one-way gate to the infinite horrors of the Abyss.
 42062 | Vaults:5 | Entered Level 5 of the Vaults
 42065 | Vaults:5 | XOM: 1-stop teleportation journey
 42156 | Vaults:5 | XOM: give mutations
 42156 | Vaults:5 | Gained mutation: You are somewhat resistant to further
                  | mutation. [Xom's grace]
 42156 | Vaults:5 | Gained mutation: You possess an exceptional clarity of
                  | mind. [Xom's grace]
 42295 | Vaults:5 | XOM: polymorph vault guard -> water nymph
 42514 | Vaults:5 | Identified the +6 scimitar of Xoym {freeze, *Rage Dex+4}
 42557 | Vaults:5 | XOM: potion effect (experience)
 42557 | Vaults:5 | Reached skill level 15 in Fighting
 42557 | Vaults:5 | Reached XP level 24. HP: 232/263 MP: 19/19
 42565 | Vaults:5 | XOM: silly message
 42581 | Vaults:5 | XOM: potion effect (berserk rage)
 42654 | Vaults:5 | XOM: potion effect (invisibility)
 42734 | Vaults:5 | Identified the +1 troll leather armour "Muorghipp" {rPois
                  | rF- rN+ Regen+}
 42823 | Vaults:5 | XOM: divination: magic mapping
 42890 | Vaults:5 | Noticed Margery
 42900 | Vaults:5 | Killed Margery
 42906 | Vaults:5 | XOM: potion effect (haste)
 42981 | Vaults:5 | Got the Volume of the Polar Pyromaniac
 43069 | Vaults:5 | XOM: silly message
 43078 | Vaults:5 | XOM: silly message
 43081 | Vaults:5 | XOM: cast spell 'Summon Ice Beast'
 43103 | Vaults:5 | XOM: silly message
 43339 | Vaults:5 | Identified the ring of Bedurr {Ice rPois Int+2}
 43435 | Vaults:5 | XOM is BORED!
 43435 | Vaults:5 | XOM: silly message
 43541 | Vaults:5 | XOM: silly message
 43543 | Vaults:5 | XOM: potion effect (heal wounds)
 43725 | Vaults:5 | XOM: potion effect (heal wounds)
 43726 | Vaults:5 | XOM: silly message
 43727 | Vaults:5 | XOM: silly message
 43793 | Vaults:5 | Got a silver rune of Zot
 43835 | Abyss:2  | Cast into level 2 of the Abyss (a deep elf demonologist)
 43905 | Abyss:2  | Found a corrupted altar of Lugonu.
 43916 | Abyss:2  | Found a corrupted altar of Lugonu.
 43934 | Abyss:2  | XOM: enchant monster (bad)
 43987 | Abyss:2  | Found a corrupted altar of Lugonu.
 43999 | Abyss:2  | Found a corrupted altar of Lugonu.
 44022 | Abyss:2  | XOM: summons 4 hostile shadow creatures
 44044 | Abyss:2  | Reached XP level 25. HP: 227/273 MP: 19/19
 44135 | Abyss:2  | Reached skill level 26 in Unarmed Combat
 44236 | Abyss:2  | XOM: blink monster(s)
 44254 | Vaults:5 | Escaped the Abyss
 44525 | Crypt:1  | XOM: noise
 44525 | Crypt:1  | Entered Level 1 of the Crypt
 44599 | Crypt:1  | XOM: 1-stop teleportation journey
 44611 | Crypt:1  | XOM: fog
 44619 | Crypt:1  | XOM: enchant monster (good)
 44623 | Crypt:1  | XOM: blink monster(s)
 44636 | Crypt:1  | XOM: divination: detect items
 44650 | Crypt:1  | XOM: noise
 44652 | Crypt:1  | Reached skill level 27 in Unarmed Combat
 44656 | Crypt:1  | XOM: silly message
 44702 | Crypt:1  | Noticed Zenata
 44705 | Crypt:1  | XOM: butterfly on damage
 44787 | Vaults:2 | XOM: silly message
 45104 | Crypt:1  | Killed Zenata
 45203 | Crypt:1  | XOM: cleaving
 45392 | Crypt:1  | XOM: scenery: summon butterflies
 45495 | Crypt:1  | XOM: silly message
 45652 | Crypt:1  | XOM: torment (152/301 hp)
 45818 | Crypt:2  | XOM: scenery: create altars
 45836 | Crypt:2  | XOM: potion effect (invisibility)
 45847 | Crypt:2  | XOM: enchant monster (good)
 46230 | Crypt:2  | XOM: 2-stop teleportation journey
 46571 | Crypt:2  | XOM: 3-stop teleportation journey
 47096 | Crypt:3  | Entered Level 3 of the Crypt
 47107 | Crypt:2  | XOM: god gift: 15 gold pieces
 47206 | Crypt:3  | Identified the staff of Lust {rPois Dex+3 Alchemy} (Xom
                  | gifted it to you on level 3 of the Crypt)
 47206 | Crypt:3  | XOM: god gift: staff of Lust {rPois Dex+3 Alchemy}
 47242 | Crypt:3  | XOM: god gift: potion of might
 47280 | Crypt:3  | XOM: god gift: scale mail {god gift}
 47672 | Crypt:3  | Found a basalt altar of Yredelemnul.
 47674 | Crypt:3  | Noticed a dread lich
 47674 | Crypt:3  | XOM: fog
 47680 | Crypt:3  | Killed a dread lich
 47732 | Crypt:3  | Identified the staff "Yfeigh" {rElec rN+ Will- Hexes Necro
                  | Fire}
 47732 | Crypt:3  | Identified the death talisman of Ziuzicid {+Blink}
 47952 | Crypt:3  | Found a staircase to the Tomb.
 48104 | Crypt:3  | XOM: summons 10 hostile demons
 48699 | Lair:4   | Found a staircase to the Slime Pits.
 48752 | Slime:1  | Entered Level 1 of the Pits of Slime
 48862 | Slime:2  | Lost mutation: You are agile. (Dex +4, Str/Int -1) [a
                  | shining eye]
 48917 | Slime:3  | XOM: blink monster(s)
 48933 | Slime:3  | XOM: polymorph formless jellyfish -> shadow dragon
 49129 | Slime:4  | XOM: noise
 49136 | Slime:4  | XOM: blink monster(s)
 49152 | Slime:4  | Lost mutation: Your mind is acute. (Int +4, Str/Dex -1) [a
                  | shining eye]
 49155 | Slime:4  | Gained mutation: You occasionally lose the ability to read
                  | scrolls when taking damage. [a shining eye]
 49159 | Slime:4  | Lost mutation: Your magical capacity is low. (-10% MP)
                  | [potion of mutation]
 49159 | Slime:4  | Lost mutation: You have very sharp teeth. [potion of
                  | mutation]
 49159 | Slime:4  | Lost mutation: You have sharp toenails. [potion of
                  | mutation]
 49160 | Slime:4  | Lost mutation: You occasionally lose the ability to read
                  | scrolls when taking damage. [potion of mutation]
 49160 | Slime:4  | Lost mutation: You are very robust. (+20% HP) [potion of
                  | mutation]
 49160 | Slime:4  | Gained mutation: Armour fits poorly on your strangely
                  | shaped body. [potion of mutation]
 49161 | Slime:4  | Lost mutation: Your flesh is heat resistant. (rF+) [potion
                  | of mutation]
 49161 | Slime:4  | Lost mutation: You possess an exceptional clarity of mind.
                  | [potion of mutation]
 49161 | Slime:4  | Lost mutation: You are robust. (+10% HP) [potion of
                  | mutation]
 49162 | Slime:4  | Lost mutation: You are somewhat resistant to further
                  | mutation. [potion of mutation]
 49162 | Slime:4  | Lost mutation: Armour fits poorly on your strangely shaped
                  | body. [potion of mutation]
 49162 | Slime:4  | Gained mutation: You are partially covered in iridescent
                  | scales. (AC +2) [potion of mutation]
 49162 | Slime:4  | Gained mutation: You possess an exceptional clarity of
                  | mind. [potion of mutation]
 49162 | Slime:4  | Gained mutation: Your muscles are strong. (Str +4, Int/Dex
                  | -1) [potion of mutation]
 49169 | Slime:5  | Entered Level 5 of the Pits of Slime
 49202 | Slime:5  | XOM: noise
 49211 | Slime:5  | Reached XP level 26. HP: 272/279 MP: 19/22
 49222 | Slime:5  | Noticed the Royal Jelly
 49258 | Slime:5  | XOM: summons 8 hostile demons
 49391 | Slime:5  | XOM: repel stairs
 49402 | Slime:5  | XOM: summons friendly ufetubus
 49406 | Slime:5  | Mangled by an acid blob

Illustrated notes

##### #8∩8#
#[5[# #8@8# *
#[3[# ## *
#8(8#.8###
#...#....# ,#
#8H8#..#.#
#.#..##'##..#.#
#.............#
#.#.##.#.##.#.#
#.#....#....#.#


Turn 8514 on Gauntlet: die here

Levels and vault maps discovered:
D:1:      co_arrival_random_square_maze, layout_loops_cross, minivault_27
D:2:      layout_rooms, dreamdust_ecumenical_altar_hidden_monk_grotto,
          serial_shops, nicolae_shop_crystal, basic_altar
D:3:      layout_rooms, corexii_item_surrounded_by_moat, uniq_ijyb
D:4:      layout_cave_pods, minmay_misc_feat_pillars,
          ebering_dispersal_statue_hall
D:5:      layout_gridville, serial_shops, shop, shop, shop,
          nicolae_shop_behind_doors, ebering_ghost_gozag,
          nicolae_shop_firing_range
D:6:      layout_basic, minmay_temple_entry_tees
D:7:      layout_loops_ring, mainiacjoe_overflow_alcove_4,
          grunt_temple_overflow_open
D:8:      layout_loops_ring, amethyst_overflow_temple_binary,
          hellmonk_lair_entry_icy, enter_bailey_5, serial_shops,
          nicolae_shop_bloodbath_and_beyond, nicolae_two_hexagons,
          kennysheep_cluttered_room
D:9:      layout_irregular_city, nicolae_overflow_hidden_temple, uniq_erolcha,
          uniq_joseph, uniq_psyche
D:10:     layout_roguey, orc_0_dummy, uniq_maurice
D:11:     layout_cave_pools, nicolae_ru_awakened_eye
D:12:     layout_basic, uniq_jorgrun
D:13:     layout_basic, nicolae_uskayaw_en_pointe
D:14:     layout_big_octagon, lightli_vaults_fourway_checkpoint, serial_rivers,
          chequers_serial_rivers_micro_d, chequers_serial_rivers_room_a,
          chequers_serial_rivers_micro_c, chequers_serial_rivers_small_a,
          chequers_serial_rivers_micro_b, chequers_serial_rivers_room_a,
          uniq_azrael, uniq_nessos, uniq_snorg
D:15:     gammafunk_enter_depths_forms, layout_gridville, elyvilon_altar_4,
          uniq_kirke
Lair:1:   layout_hall_layers, nzn_random_ring, serial_bayou_shore_b,
          grunt_megastairs_4, serial_bayou_shore_a
Lair:2:   layout_roguey, guppyfry_snake_entry_garden, gauntlet_entry_generic,
          gammafunk_ghost_icy, uniq_nergalle
Lair:3:   layout_roguey, minmay_swamp_entry_worms, uniq_josephine
Lair:4:   layout_cave_pods, minmay_slime_entry_oklob_enclosed, st_stairs_9
Lair:5:   minmay_lair_end_enchanted_forest, layout_small_grid,
          chequers_serial_rivers_room_b, lemuel_old_faithful
Swamp:1:  nicolae_swamp_secret_spriggan_hideout, layout_basic_swamp,
          evilmike_swamp_ruin_house_3
Swamp:2:  layout_basic_swamp, serial_swamp_ruin, evilmike_swamp_ruin_house_1,
          hangedman_swamp_ruin_wall, evilmike_swamp_ruin_house_5
Swamp:3:  layout_basic_swamp, evilmike_swamp_ruin_rubble_1,
          infiniplex_staircase_pool
Swamp:4:  swamp_fiery, layout_basic_swamp, swamp_pool_1_2, ldierk_geyser,
          nicolae_swamp_wisp_ring_woods, uniq_mara, uniq_bai_suzhen
Snake:1:  layout_chambers, hellmonk_ghost_happy_afterlife
Snake:2:  nicolae_snakescales, layout_chambers, serial_bayou_pond_b,
          uniq_vashnia
Snake:3:  layout_cave_shapes, grunt_megastairs_5
Snake:4:  minmay_snake_end_coiled, layout_rooms, basic_altar, serial_shops,
          shop, uniq_roxanne
Slime:1:  nicolae_slime_infinislime, layout_caves,
          cheibrodos_slime_lost_civilization_7
Slime:2:  layout_caves, nicolae_slime_getting_an_eyeful
Slime:3:  layout_caves
Slime:4:  layout_caves
Slime:5:  slime_pit_nicolae_block_by_block
Orc:1:    layout_diamond_mine, mines2_lemuel, uniq_urug
Orc:2:    st_orc_open, layout_diamond_mine, uniq_donald, uniq_saint_roka
Elf:1:    layout_geoelf_octagon, serial_shops, shop, minmay_elf_annihilation,
          hangedman_elf_simple_split
Elf:2:    nicolae_elf_blades_crystal_corner, layout_loops_corners, serial_shops,
          nicolae_shop_peninsula
Elf:3:    minmay_elf_hall, layout_loops_cross, serial_shops,
          nicolae_shop_real_fake_doors
Vaults:1: nicolae_vaults_whirlpool_walls, v_misc_24, nicolae_vaults_trapezoid_2,
          v_misc_25, grunt_vaults_diagonal, nicolae_vaults_storage_room_statues,
          vaults_room_ringed_pool, nicolae_vaults_storage_closets_1,
          nicolae_vaults_network_star, v_pattern_3, nicolae_vaults_turnstiles,
          layout_vaults_big_room
Vaults:2: ebering_ghost_xom, minmay_crypt_entry_necro_gods,
          nicolae_vaults_ellipses_ellipsis, hangedman_vaults_stream,
          vaults_mumra_bighexcomb, v_misc_25, v_misc_3, v_rooms_3,
          layout_vaults_ring, uniq_aizul, uniq_asterion
Vaults:3: minmay_orc_keep, vaults_room_door_ring,
          nicolae_vaults_more_shelving_2, v_misc_15, v_rooms_6,
          nicolae_vaults_house_1, nicolae_vaults_trapezoid_1, v_misc_4,
          nicolae_vaults_security_offices_4, nicolae_vaults_more_shelving_1,
          vaults_dpeg_ring, layout_vaults_quadrants, uniq_jory
Vaults:4: nicolae_vaults_storage_room_water,
          vaults_standard_mumra_enter_the_diamond,
          nicolae_vaults_network_square, nicolae_vaults_storage_closets_3,
          nicolae_vaults_prndl, nicolae_vaults_asterisk, v_misc_18,
          nicolae_vaults_closet_pinwheel_6, nicolae_vaults_house_3,
          nicolae_vaults_little_squares_2, layout_vaults_big_cross,
          uniq_frederick
Vaults:5: uniq_margery
Crypt:1:  layout_catacombs, uniq_zenata
Crypt:2:  layout_catacombs
Crypt:3:  cryptofortress_bobbens
Depths:1: layout_forbidden_donut, infiniplex_enter_wizlab_spiral, hell_entry,
          chequers_serial_rivers_room_a, abyss_entry, minmay_crystal_water,
          st_stairs_3, nicolae_shop_gadgets, minmay_shop_star

Skill      XL: |  1  2  3  4  5  6  7  8  9 10 11 12 13 14 15 16 17 18 19 20 21 22 23 24 25 |
---------------+----------------------------------------------------------------------------+-----
Unarmed Combat | 4 5 6 7 9 11 13 14 15 18 20 22 24 25 27 | 27.0
Stealth        | 1 |  1.4
Throwing       | 1 3 4 8 9 10 | 10.4
Armour         | 4 8 9 12 14 17 19 | 19.4
Shields        | 3 9 10 12 14 15 | 15.0
Fighting       | 7 9 10 15 17 20 | 20.4
Dodging        | 2 5 |  5.3
Evocations     | |  0.4

Action                     |  1- 3 |  4- 6 |  7- 9 | 10-12 | 13-15 | 16-18 | 19-21 | 22-24 | 25-27 || total
---------------------------+-------+-------+-------+-------+-------+-------+-------+-------+-------++-------
  Melee: Unarmed           |    99 |    80 |   258 |   475 |  1194 |  1409 |  1595 |   538 |   794 ||  6442
         Punch             |     3 |     4 |     9 |    28 |       |       |       |       |       ||    44
         Kick              |       |       |    35 |   152 |   447 |   472 |   759 |   255 |   346 ||  2466
         Bite              |       |       |       |    55 |    23 |       |   126 |   102 |   134 ||   440
         Headbutt          |       |       |       |       |       |   146 |   395 |       |       ||   541
  Throw: Boomerang         |       |       |    18 |     4 |       |       |       |       |       ||    22
         Dart              |       |       |       |    14 |       |       |       |       |       ||    14
         Large rock        |       |       |       |     3 |    11 |    23 |       |    55 |       ||    92
         Throwing net      |       |       |       |     2 |     1 |       |       |       |       ||     3
  Evoke: Wand              |       |     2 |       |     8 |     6 |     4 |       |       |     3 ||    23
         Lightning rod     |       |       |       |       |     8 |     4 |       |     4 |     3 ||    19
    Use: Scroll            |       |     9 |     8 |    10 |    21 |     7 |    18 |     3 |     7 ||    83
         Potion            |       |       |       |    19 |     4 |    13 |     8 |     7 |    17 ||    68
   Stab: Sleeping          |     1 |       |     2 |     1 |     1 |       |     1 |       |       ||     6
         Invisible         |       |       |       |     7 |     4 |       |     1 |     5 |     3 ||    20
         Distracted        |       |       |       |     1 |     2 |     2 |     5 |       |       ||    10
         Confused          |       |       |       |       |       |     1 |    11 |       |       ||    12
         Paralysed         |       |       |       |       |       |     1 |       |       |       ||     1
         Petrified         |       |       |       |       |       |       |     2 |       |       ||     2
 Armour: Robe              |    73 |    47 |   206 |     7 |       |       |       |       |       ||   333
         Quicksilver drago |       |       |       |   416 |   498 |       |       |       |       ||   914
         Gold dragon scale |       |       |       |       |   197 |  1029 |  1077 |   302 |   492 ||  3097
         Skin              |       |       |       |       |       |     4 |       |       |       ||     4
  Dodge: Dodged            |    65 |    38 |   206 |   257 |   267 |   224 |   282 |    87 |   147 ||  1573
  Block: Tower shield      |       |       |       |    39 |  1192 |  1157 |  1505 |   410 |   735 ||  5038
